 Dungeon Crawl Stone Soup version 0.27.0-1-g7a089689b8 (webtiles) character file.

Game seed: 14658154025212929978

194 Colgate the Covert (level 5, -2/27 HPs)
             Began as a Spriggan Delver on Aug 1, 2021.
             Was a Believer of Elyvilon.
             Slain by Grinder (3 damage)
             ... while paralysed by Grinder
             ... on level 3 of the Dungeon.
             The game lasted 00:23:04 (3712 turns).

Colgate the Covert (Spriggan Delver)                Turns: 3712, Time: 00:23:05

Health: -2/27      AC:  2    Str:  8    XL:     5   Next: 44%
Magic:  6/6        EV:  4    Int: 13    God:    Elyvilon [**....]
Gold:   117        SH:  0    Dex: 16    Spells: 4/4 levels left

rFire    . . .     SeeInvis +   b - +0 hunting sling
rCold    . . .     Faith    .   (shield restricted)
rNeg     . . .     Spirit   .   r - +0 robe
rPois    .         Reflect  .   (helmet restricted)
rElec    .         Harm     .   (no cloak)
rCorr    .         Rampage  .   (gloves unavailable)
Will     .....                  (boots unavailable)
Stlth    +++++.....             (no amulet)
HPRegen  0.09/turn              (no ring)
MPRegen  0.10/turn              (no ring)

@: paralysed, very quick
A: very small, no large weapons, unfitting armour, see invisible, speed 3
a: Renounce Religion, Lesser Healing, Heal Other, Divine Protection


You were on level 3 of the Dungeon.
You worshipped Elyvilon.
Elyvilon was pleased with you.
You visited 1 branch of the dungeon, and saw 5 of its levels.

You collected 117 gold pieces.

Inventory:

Hand Weapons
 a - a +2 dagger of venom
 b - a +0 hunting sling (weapon)
 j - a +0 short sword
 q - a +0 shortbow
Missiles
 d - 21 poisoned darts
 h - 126 stones
 k - 31 sling bullets (quivered ammo)
 s - 18 bolts
Armour
 r - a +0 robe (worn)
Wands
 g - a wand of digging (3)
 m - a wand of acid (10)
Scrolls
 c - a scroll of fog
 e - a scroll of fear
 i - 3 scrolls of identify {unknown}
 p - a scroll of brand weapon {unknown}
 t - a scroll of magic mapping
 u - a scroll of noise {unknown}
Potions
 f - a potion of haste
 l - a potion of flight {unknown}
 n - a potion of heal wounds {unknown}
 o - a potion of cancellation {unknown}


   Skills:
 - Level 2.4 Fighting
 - Level 2.1 Short Blades
 + Level 0.0 Slings
 - Level 2.6 Dodging
 - Level 11.0 Stealth


You had 4 spell levels left.
You didn't know any spells.
Your spell library contained the following spells:

 Spells                   Type           Power      Damage    Failure   Level
 Blink                    Tloc           N/A        N/A       43%         2
 Lesser Beckoning         Tloc           0%         N/A       67%         3
 Ozocubu's Armour         Ice            0%         N/A       67%         3
 Manifold Assault         Tloc           0%         N/A       100%        5
 Metabolic Englaciation   Hex/Ice        0%         N/A       100%        5
 Simulacrum               Ice/Necr       0%         N/A       100%        6


Dungeon Overview and Level Annotations

Branches:
Dungeon (5/15)
 Temple: D:4-7

Altars:
Elyvilon

Shops:
D:5 !

Annotations:
D:3 Grinder


Innate Abilities, Weirdness & Mutations

You are very small and have problems with some larger weapons.
You are too small for most types of armour.
You have supernaturally acute eyesight. (SInv)
You cover ground extremely quickly. (Speed+++)


Message History

Grinder blinks!
Grinder is nearby!
You shoot a sling bullet. The sling bullet barely misses Grinder.
Grinder blinks!
Grinder is nearby!
You shoot a sling bullet.
The sling bullet hits Grinder but does no damage.
Grinder blinks!
No target in view!
Grinder is nearby!
You shoot a sling bullet.
The sling bullet closely misses Grinder.
Grinder blinks!
Grinder is nearby!
You shoot a sling bullet. The sling bullet hits Grinder.
Grinder is lightly wounded.
You shoot a sling bullet. The sling bullet hits Grinder.
Grinder is lightly wounded.
You shoot a sling bullet.
The sling bullet closely misses Grinder.
Grinder gestures at you. You resist with significant effort.
You shoot a sling bullet.
The sling bullet closely misses Grinder.
Grinder blinks!
Grinder gestures at you. You resist with some effort.
You shoot a sling bullet.
The sling bullet closely misses Grinder.
Grinder blinks!
Grinder gestures at you.
You suddenly lose the ability to move!
Grinder blinks!
Grinder hits you!
You writhe in agony.
Grinder says, "DUCK!"
Grinder hits you.
You writhe in agony.
Grinder hits you!
* * * LOW HITPOINT WARNING * * *
You writhe in agony.
You die...

#......# ###......#
#......... #######
#......... #.....##
#.........
#......######.........
#......##.........#...
#......##.........#...
#>...@......).........
#.##.5.##.........###.
#.##...##.........#...
#.#################...
#.ยง......((....(.('.(.
###################...
#... #... #...


You could see Grinder.

Vanquished Creatures
  A hound (D:4)
  4 adders
  7 gnolls
  4 dart slugs
  2 orcs (D:3)
  6 ball pythons
  An endoplasm (D:2)
  3 giant cockroaches
  4 goblins
  3 hobgoblins
  5 quokkas
  3 bats
  5 frilled lizards (D:1)
  4 kobolds
  7 rats
59 creatures vanquished.

Notes
Turn   | Place    | Note
-------+----------+-------------------------------------------
     0 | D:5      | Colgate the Spriggan Delver began the quest for the Orb.
     0 | D:5      | Reached XP level 1. HP: 11/11 MP: 2/2
     0 | D:5      | Found Koklucso's Distillery.
    21 | D:4      | Found a white marble altar of Elyvilon.
    29 | D:4      | Became a worshipper of Elyvilon the Healer
    52 | D:4      | Noticed a hound
    55 | D:4      | Killed a hound
    56 | D:4      | Reached skill level 8 in Stealth
    56 | D:4      | Reached XP level 2. HP: 16/16 MP: 3/3
    94 | D:2      | Reached XP level 3. HP: 15/19 MP: 4/4
   186 | D:1      | Reached * piety under Elyvilon
   375 | D:1      | Reached skill level 9 in Stealth
  1757 | D:2      | Reached ** piety under Elyvilon
  1826 | D:2      | Reached XP level 4. HP: 23/23 MP: 5/5
  2014 | D:2      | Reached skill level 10 in Stealth
  2710 | D:3      | Reached XP level 5. HP: 27/27 MP: 6/6
  3227 | D:3      | Noticed Grinder
  3281 | D:3      | Paralysed by Grinder for 4 turns
  3288 | D:3      | Paralysed by Grinder for 7 turns
  3306 | D:3      | Paralysed by Grinder for 6 turns
  3453 | D:3      | Reached skill level 11 in Stealth
  3707 | D:3      | Paralysed by Grinder for 6 turns
  3712 | D:3      | HP: 1/27 [Grinder (8)]
  3712 | D:3      | Slain by Grinder

Illustrated notes

Levels and vault maps discovered:
D:1:      minmay_arrival_open_corners, layout_basic
D:2:      layout_rooms
D:3:      layout_basic, serial_glass, glass_columns_b, glass_columns_a,
          uniq_grinder
D:4:      layout_layer_cave, elyvilon_altar_1, serial_bayou_lake_a
D:5:      layout_rooms, lemuel_crystal_altar, minmay_temple_entry_crystal_x,
          serial_shops, shop, nicolae_shop_firing_range

Skill      XL: |  1  2  3  4  5 |
---------------+----------------+-----
Stealth        | 8 9 10 11 | 11.0
Fighting       | |  2.4
Short Blades   | |  2.1
Dodging        | |  2.6

Action                   |  1- 3 |  4- 6 || total
-------------------------+-------+-------++-------
Melee: Short sword       |    75 |       ||    75
       Dagger            |    20 |    73 ||    93
 Fire: Hunting sling     |       |    40 ||    40
  Use: Scroll            |     1 |       ||     1
 Stab: Sleeping          |    12 |     2 ||    14
       Distracted        |       |     1 ||     1
Armor: Robe              |     4 |     4 ||     8
Dodge: Dodged            |    63 |    39 ||   102
